 Dungeon Crawl Stone Soup version 0.19.4-9-g45fd643 (webtiles) character file.

48526 Gargoyl the Cleaver (level 14, -5/122 HPs)
             Began as a Ghoul Abyssal Knight on Feb 16, 2017.
             Was a High Priest of Lugonu.
             Slain by a skeletal warrior
             ... wielding a +1 dire flail
             ... led by a skeletal warrior
              (11 damage)
             ... on level 12 of the Dungeon.
             The game lasted 00:40:01 (19251 turns).

Gargoyl the Cleaver (Ghoul Abyssal Knight)         Turns: 19251, Time: 00:40:02

Health: -5/122     AC: 29    Str: 18    XL:     14   Next: 46%
Magic:  21/21      EV:  7    Int:  9    God:    Lugonu [*****.]
Gold:   1188       SH:  9    Dex: 11    Spells: 0 memorised, 13 levels left

rFire  . . .     SeeInvis .     n - +4 war axe (chop)
rCold  + + .     Gourm    .     B - +6 chain mail of Benevolence {Int+2}
rNeg   + + +     Faith    .     M - +0 shield
rPois  ∞         Spirit   .     d - +2 helmet
rElec  .         Reflect  .     r - +2 cloak
rCorr  .         Harm     .     D - +2 pair of gloves
MR     +....                    (no boots)
Stlth  ..........               (no amulet)
                                P - +6 ring of slaying
                                k - ring of protection from cold

@: about to teleport, rotting
A: rotting body, claws 1, carnivore 3, cold resistance 1, negative energy
resistance 3, slow regeneration 1, torment resistance, unbreathing
a: Depart the Abyss, Bend Space, Banish, Corrupt, Enter the Abyss, Renounce
Religion


You were on level 12 of the Dungeon.
You worshipped Lugonu.
Lugonu was extremely pleased with you.
You were not hungry.

You visited 2 branches of the dungeon, and saw 18 of its levels.
You visited the Abyss 1 time.

You collected 1188 gold pieces.

Inventory:

Hand Weapons
 a - a +2 hand axe
 n - a +4 war axe of chopping (weapon)
 v - a +2 broad axe
 K - a +2 broad axe of venom
Missiles
 e - a javelin (quivered)
Armour
 d - a +2 helmet (worn)
 r - a +2 cloak (worn)
 B - the +6 chain mail of Benevolence (worn) {Int+2}
   (You found it on level 7 of the Dungeon)

   It affects your intelligence (+2).
 D - a +2 pair of gloves (worn)
 M - a +0 shield (worn)
Jewellery
 i - an uncursed ring of ice
 k - a ring of protection from cold (left hand)
 w - an uncursed ring of fire
 A - the amulet "Uskakk" {Faith rElec rN+ Slay-3, unknown}
   (You took it off a centaur on level 11 of the Dungeon)

   [amulet of faith]

   It allows you to gain divine favour quickly.
   It affects your accuracy and damage with ranged weapons and melee attacks
   (-3).
   It insulates you from electricity.
   It protects you from negative energy.
 P - a +6 ring of slaying (right hand)
Wands
 f - a wand of confusion (48/48)
 j - a wand of lightning (8/15)
 s - a wand of random effects (18/48)
 u - a wand of lightning (2/15)
 y - a wand of confusion (12/48)
 E - a wand of iceblast (9/15)
 I - a wand of polymorph (5/24)
 O - a wand of polymorph (10/24)
Scrolls
 b - 3 scrolls of identify
 l - 2 scrolls of teleportation
 o - 5 scrolls of recharging
 q - a scroll of magic mapping
 C - 9 scrolls of remove curse
 J - a scroll of amnesia
Potions
 h - a potion of curing
 m - 2 potions of flight
 p - 4 potions of haste
 t - a potion of ambrosia
 G - a potion of cancellation
 N - a potion of might
 Q - a potion of agility
Books
 F - a book of Maledictions

   Spells                             Type                      Level
   a - Corona                         Hexes                        1
   b - Ensorcelled Hibernation        Hexes/Ice                    2
   c - Confuse                        Hexes                        3
   d - Tukima's Dance                 Hexes                        3
   e - Dazzling Spray                 Conjuration/Hexes            3
 H - a book of Unlife

   Spells                             Type                      Level
   a - Recall                         Summoning/Translocation      3
   b - Animate Dead                   Necromancy                   4
   c - Control Undead                 Necromancy                   4
   d - Cigotuvi's Embrace             Necromancy                   5
   e - Death Channel                  Necromancy                   6
   f - Simulacrum                     Ice/Necromancy               6
Comestibles
 c - 8 meat rations
 g - 8 beef jerkies
 x - 35 chunks of flesh
 z - 9 slices of pizza


   Skills:
 + Level 10.3 Fighting
 + Level 12.9 Axes
 + Level 1.0 Throwing
 * Level 12.2 Armour
 + Level 3.7 Dodging
 + Level 5.2 Shields
 * Level 11.8 Invocations


You had 13 spell levels left.
You didn't know any spells.

Dungeon Overview and Level Annotations

Branches:
Dungeon (12/15)            Temple (0/1) D:5            Lair (6/6) D:8
 Shoals (0/4) Lair:2       Spider (0/4) Lair:3        Slime (0/5) Lair:5
    Orc (0/2) D:10

Altars:
Cheibriados
Fedhas
Gozag
Hepliaklqana
Nemelex Xobeh
Okawaru
Uskayaw
Vehumet

Shops:
D:8 }   D:11 [

Annotations:
D:2 Jessica


Innate Abilities, Weirdness & Mutations

Your body is rotting away.
You thrive on raw meat.
You are immune to poison.
You have sharp fingernails.
You are carnivorous and can eat meat at any time.
Your flesh is cold resistant. (rC+)
You are immune to negative energy. (rN+++)
You regenerate slowly when monsters are visible.
You are immune to unholy pain and torment.
You can survive without breathing.


Message History

The troll bites you but does no damage. The troll claws you but does no damage.
The troll claws you.
The skeletal warrior hits you with an enchanted dire flail!
Your shield and chain mail of Benevolence prevent you from hitting the troll.
You hit the skeletal warrior. You closely miss something.
You block the troll's attack. The troll claws you but does no damage.
You block the troll's attack. The skeletal warrior barely misses you.
The shadow strikes at you from the darkness!
* * * LOW HITPOINT WARNING * * *
Reactivating autopickup.
Eat one of 35 chunks of flesh? (ye/n/q)
Okay, then.
Okay, then.
As you read the scroll of teleportation, it crumbles to dust.
You feel strangely unstable. The troll bites you.
* * * LOW HITPOINT WARNING * * *
The troll claws you but does no damage. The troll barely misses you.
The shadow barely misses you.
The skeletal warrior hits you with an enchanted dire flail!
You die...

.( .. # .# #
#####+## ####.#####
#
#......####......<.#
+
#......'.##........#
#
#......#).#........#
#
#......##.#W.......#
#
#......##)@T...!...#
#
#......####z.......#
# #......#
#........# #
#......# #.........
# #....÷.#
#......$.# #
#####'## ##.#######
# ####.....# #..
#....#####
#####+####
##'##########
#.......#


You could see a skeletal warrior, a troll and a shadow.

Vanquished Creatures
  Nessos (Lair:6)
  The ghost of Morrissey the Grappler, a journeyman DrTm of Makhleb (Lair:3)
  Fannar (Lair:2)
  3 catoblepae (Lair:6)
  The ghost of Tehsapper the Basher, a novice MiBe of Trog (D:10)
  10 death yaks
  The ghost of Jovan the Carver, a novice HuGl of Uskayaw (D:9)
  A fire crab (Lair:6)
  4 skeletal warriors (D:12)
  An unseen horror (D:12)
  3 hill giants
  Pikel (D:5)
  2 wolf spiders
  An ugly thing (D:12)
  A cyclops (D:11)
  3 elephants (Lair:3)
  4 black mambas
  A gargoyle (D:11)
  14 spiny frogs
  7 komodo dragons
  2 rime drakes
  Grinder (D:3)
  3 trolls
  A polar bear (Lair:4)
  6 dream sheep (Lair:6)
  5 blink frogs (Lair:2)
  10 hippogriffs
  5 slime creatures (D:12)
  A water elemental (D:12)
  2 wyverns
  Grum (D:10)
  A hungry ghost (D:7)
  36 yaks
  2 basilisks
  2 mottled dragons
  8 water moccasins
  3 porcupines
  2 phantoms
  7 orc warriors
  A sky beast (D:10)
  A black bear (D:10)
  2 ice beasts
  2 necrophages
  An eye of draining (D:11)
  3 wolves (D:10)
  8 ogres
  9 centaurs
  A big kobold (D:12)
  5 crocodiles
  6 bullfrogs
  A scorpion (D:5)
  11 killer bees
  5 wights (D:11)
  A howler monkey (D:9)
  A bullfrog zombie (D:9)
  A centaur zombie (D:10)
  3 crimson imps
  2 quasits
  4 hounds
  A gnoll shaman (D:6)
  4 jellies
  Crazy Yiuf (D:5)
  2 orc priests
  A bullfrog skeleton (D:12)
  2 centaur skeletons
  Natasha (thrice) (D:3)
  2 iguanas (D:5)
  8 orc wizards
  12 worker ants
  Robin (D:2)
  7 gnolls
  2 howler monkey skeletons
  19 adders
  A shadow imp (D:6)
  An ooze (D:4)
  An adder skeleton (D:3)
  5 worms
  2 dart slugs
  6 leopard geckos
  34 orcs
  3 ball pythons
  5 giant cockroaches
  15 goblins
  12 hobgoblins
  3 jackals (D:3)
  4 quokkas
  7 bats
  6 frilled lizards
  10 kobolds
  A leopard gecko skeleton (D:4)
  A quokka skeleton (D:4)
  8 rats
  A fungus (Lair:2)
  A plant (Lair:4)
419 creatures vanquished.

Vanquished Creatures (others)
  The ghost of Kiel97 the Spear-Bearer, a journeyman MiMo of Makhleb (Lair:3)
  3 hydras
  3 komodo dragons
  3 crimson imps (D:6)
  A worker ant (D:5)
  An adder skeleton (D:5)
  5 fungi
  17 plants
34 creatures vanquished.

Grand Total: 453 creatures vanquished

Notes
Turn   | Place    | Note
-------+----------+-------------------------------------------
     0 | Abyss:1  | Gargoyl the Ghoul Abyssal Knight began the quest for the Orb.
     0 | Abyss:1  | Reached XP level 1. HP: 19/19 MP: 1/1
     0 | Abyss:1  | Found a corrupted altar of Lugonu.
     8 | Abyss:2  | Found a corrupted altar of Lugonu.
    59 | Abyss:2  | Noticed an ancient zyme
    63 | Abyss:2  | Noticed a small abomination
    82 | Abyss:2  | Noticed a large abomination
    91 | Abyss:2  | Noticed a raiju
    93 | Abyss:2  | Noticed a raiju
    93 | D:1      | Escaped the Abyss
   151 | D:1      | Reached skill level 1 in Dodging
   157 | D:1      | Reached * piety under Lugonu
   157 | D:1      | Reached XP level 2. HP: 16/26 MP: 2/2
   777 | D:1      | Reached XP level 3. HP: 27/33 MP: 3/3
  1054 | D:2      | Noticed Jessica
  1124 | D:2      | HP: 1/33 [gnoll/flail (3)]
  1152 | D:1      | Reached XP level 4. HP: 40/40 MP: 4/4
  1163 | D:2      | Reached ** piety under Lugonu
  1416 | D:2      | Noticed Robin
  1440 | D:2      | Killed Robin
  1551 | D:2      | Reached XP level 5. HP: 46/46 MP: 5/5
  1808 | D:3      | Noticed Natasha
  1821 | D:3      | Killed Natasha
  1868 | D:3      | Noticed Grinder
  1875 | D:3      | Paralysed by Grinder for 6 turns
  1942 | D:3      | Paralysed by Grinder for 2 turns
  1948 | D:3      | Killed Grinder
  1948 | D:3      | Reached XP level 6. HP: 32/53 MP: 7/7
  2540 | D:3      | Reached *** piety under Lugonu
  2597 | D:3      | Noticed Natasha
  2609 | D:3      | Killed Natasha
  2609 | D:3      | Reached XP level 7. HP: 32/60 MP: 8/8
  2621 | D:3      | Noticed Natasha
  2634 | D:3      | Killed Natasha
  2799 | D:5      | Entered Level 5 of the Dungeon
  3672 | D:5      | Reached skill level 5 in Fighting
  3672 | D:5      | Reached skill level 5 in Axes
  3732 | D:5      | Reached XP level 8. HP: 66/68 MP: 10/10
  3859 | D:5      | Noticed Pikel
  3876 | D:5      | Killed Pikel
  3876 | D:5      | Reached skill level 5 in Armour
  3893 | D:5      | Found a staircase to the Ecumenical Temple.
  4116 | D:5      | Found a runed door.
  4120 | D:5      | Noticed Crazy Yiuf
  4129 | D:5      | Killed Crazy Yiuf
  4281 | D:6      | Reached skill level 5 in Invocations
  4381 | D:6      | Reached XP level 9. HP: 69/74 MP: 7/12
  4419 | D:6      | Found a hide-covered altar of Uskayaw.
  4429 | D:6      | Found an iron altar of Okawaru.
  4430 | D:6      | Found a blossoming altar of Fedhas.
  4431 | D:6      | Found a snail-covered altar of Cheibriados.
  4433 | D:6      | Found a radiant altar of Vehumet.
  4435 | D:6      | Found a hazy altar of Hepliaklqana.
  4932 | D:6      | Reached skill level 1 in Throwing
  5254 | D:7      | Reached **** piety under Lugonu
  5654 | D:7      | Got an amethyst-encrusted chain mail
  5665 | D:7      | Identified the +6 chain mail of Benevolence {Int+2} (You found it on level 7 of the Dungeon)
  5892 | D:7      | Found a sparkling altar of Nemelex Xobeh.
  5984 | D:8      | Found a staircase to the Lair.
  5985 | D:8      | Noticed a komodo dragon
  6009 | D:8      | Banished a komodo dragon
  6271 | D:8      | Found an opulent altar of Gozag.
  6303 | D:8      | Found Pioheod's Gadget Boutique.
  6482 | D:8      | Reached XP level 10. HP: 81/83 MP: 14/14
  6767 | Lair:1   | Entered Level 1 of the Lair of Beasts
  7139 | Lair:1   | Noticed a spiny frog
  7155 | Lair:1   | Killed a spiny frog
  7363 | Lair:1   | Noticed a spiny frog
  7371 | Lair:1   | Killed a spiny frog
  7424 | Lair:1   | Noticed a spiny frog
  7429 | Lair:1   | Killed a spiny frog
  7530 | Lair:1   | Noticed a wolf spider
  7546 | Lair:1   | Killed a wolf spider
  7633 | Lair:1   | Noticed a spiny frog
  7643 | Lair:1   | Killed a spiny frog
  7644 | Lair:1   | Noticed a black mamba
  7658 | Lair:1   | Killed a black mamba
  7799 | Lair:1   | Noticed a spiny frog
  7811 | Lair:1   | Killed a spiny frog
  7811 | Lair:1   | Reached XP level 11. HP: 91/91 MP: 15/15
  8486 | Lair:2   | Noticed Fannar
  8547 | Lair:2   | Killed Fannar
  8577 | Lair:2   | Found a staircase to the Shoals.
  8849 | Lair:2   | Reached skill level 10 in Axes
  9176 | Lair:3   | Noticed Kiel97's ghost (journeyman MiMo)
  9178 | Lair:3   | Banished Kiel97's ghost
  9206 | Lair:3   | Noticed Morrissey's ghost (journeyman DrTm)
  9211 | Lair:3   | Noticed a wolf spider
  9712 | Lair:3   | Found a hole to the Spider Nest.
  9728 | Lair:3   | Killed a wolf spider
  9728 | Lair:3   | Reached skill level 10 in Armour
 10579 | Lair:3   | Reached XP level 12. HP: 84/101 MP: 17/17
 10607 | Lair:3   | Reached skill level 1 in Shields
 10625 | Lair:3   | Got a steaming whip
 10626 | Lair:3   | Identified the +4 whip "Kithio" {vamp, Int+3} (You found it on level 3 of the Lair of Beasts)
 10726 | Lair:3   | Killed Morrissey's ghost
 12187 | Lair:5   | Found a staircase to the Slime Pits.
 13110 | Lair:5   | Noticed a four-headed hydra
 13113 | Lair:5   | Banished a four-headed hydra
 13344 | Lair:6   | Entered Level 6 of the Lair of Beasts
 13525 | Lair:6   | Reached skill level 10 in Invocations
 13622 | Lair:6   | Noticed a four-headed hydra
 13632 | Lair:6   | Banished a four-headed hydra
 13654 | Lair:6   | Noticed Nessos
 13712 | Lair:6   | Killed Nessos
 13752 | Lair:6   | Reached XP level 13. HP: 64/110 MP: 19/19
 16913 | D:9      | Noticed Jovan's ghost (novice HuGl)
 16931 | D:9      | Killed Jovan's ghost
 17020 | D:10     | Entered Level 10 of the Dungeon
 17101 | D:10     | Noticed Tehsapper's ghost (novice MiBe)
 17139 | D:10     | Killed Tehsapper's ghost
 17298 | D:10     | Noticed Grum
 17305 | D:10     | Reached ***** piety under Lugonu
 17312 | D:10     | Killed Grum
 17325 | D:10     | Reached XP level 14. HP: 91/119 MP: 21/21
 17764 | D:10     | Found a staircase to the Orcish Mines.
 18089 | D:11     | Found Anarojum's Antique Armour Boutique.
 18126 | D:11     | Reached skill level 10 in Fighting
 18507 | D:11     | Got a smoking sapphire amulet
 18907 | D:12     | Reached skill level 5 in Shields
 19251 | D:12     | HP: 6/122 [troll (3)]
 19251 | D:12     | Slain by a skeletal warrior

Skill      XL: |  1  2  3  4  5  6  7  8  9 10 11 12 13 14 |
---------------+-------------------------------------------+-----
Armour         | 2 3 4 6 7 9 10 11 12 | 12.2
Dodging        | 1 2 3 |  3.7
Axes           | 2 3 4 5 6 7 8 10 11 12 | 12.9
Fighting       | 4 5 6 7 8 9 10 | 10.3
Invocations    | 3 4 5 6 7 9 10 11 | 11.8
Throwing       | 1 |  1.0
Shields        | 3 4 5 |  5.2

Action                   |  1- 3 |  4- 6 |  7- 9 | 10-12 | 13-15 || total
-------------------------+-------+-------+-------+-------+-------++-------
Melee: Hand axe          |   107 |   230 |   494 |       |       ||   831
       War axe           |       |       |    67 |   620 |   645 ||  1332
       Broad axe         |       |       |       |    60 |       ||    60
Throw: Tomahawk          |       |       |    10 |       |       ||    10
       Javelin           |       |       |     2 |     3 |     4 ||     9
Invok: Depart the Abyss  |     1 |       |       |       |       ||     1
       Banish            |       |       |     5 |    11 |     1 ||    17
       Bend Space        |       |       |       |     1 |       ||     1
  Use: Scroll            |     6 |       |    12 |     8 |     7 ||    33
       Potion            |     1 |       |     3 |    11 |     6 ||    21
  Eat: Chunk             |    16 |    24 |    66 |   115 |   116 ||   337
       Meat ration       |       |       |       |     1 |       ||     1
Armor: Plate armour      |    80 |   194 |   387 |       |       ||   661
       Chain mail        |       |       |    47 |   634 |   420 ||  1101
Dodge: Dodged            |    13 |    56 |   143 |   296 |   178 ||   686
Block: Shield            |       |       |       |   157 |   267 ||   424
